[Event "Team 45 45 League T99"]
[Site "Internet Chess Club"]
[Date "2024.03.08"]
[Round "4"]
[White "fishhead"]
[Black "fileman"]
[Result "1-0"]
[WhiteElo "1875"]
[BlackElo "1770"]
[Opening "KP: Nimzovich defense"]
[ECO "B00"]
[Time "16:05:02"]
[PlyCount "100"]
[TimeControl "2700+45"]

1. e4 Nc6 2. d4 e5 3. d5 Nce7 4. Ne2 Ng6 5. Nbc3 Bc5 6. Ng3 a5 7. Nf5 Kf8 8. Na4
Ba7 9. d6 c6 10. c4 b6 11. g3 Nf6 12. Nc3 Ne8 13. h4 h5 14. Be2 Nf6 15. Bg5 Qe8
16. Bxf6 gxf6 17. Bxh5 Qe6 18. Be2 Ba6 19. b3 Bb7 20. h5 Rh7 21. Qd3 Bb8 22.
O-O-O Nh8 23. Bg4 Qe8 24. Qf3 Ba6 25. Ne7 Bxd6 26. Rxd6 Qxe7 27. Rxd7 Qa3+ 28.
Kb1 Rh6 29. Qe3 Kg7 30. Qxb6 Bxc4 31. bxc4 Qxc3 32. Qb3 Qxb3+ 33. axb3 Ng6 34.
Kc2 a4 35. b4 a3 36. Rc7 Nf8 37. Rxc6 Nh7 38. f4 exf4 39. gxf4 f5 40. Rxh6 Kxh6
41. Bxf5 Nf6 42. Kb3 a2 43. Ra1 Rg8 44. Rxa2 Rg3+ 45. Ka4 Rf3 46. b5 Nxh5 47. c5
Rxf4 48. b6 Ng3 49. Kb5 Nxf5 50. exf5 Rf1 {Black resigns} 1-0

[Event "Team 45 45 League T99"]
[Site "Internet Chess Club"]
[Date "2024.03.08"]
[Round "4"]
[White "Redman1"]
[Black "QuieroAprender"]
[Result "1/2-1/2"]
[WhiteElo "1495"]
[BlackElo "1672"]
[Opening "English opening"]
[ECO "A16"]
[Time "15:13:06"]
[PlyCount "123"]
[TimeControl "2700+45"]

1. c4 Nf6 2. Nc3 d6 3. e4 g6 4. d4 c6 5. f3 Bg7 6. Be3 O-O 7. Qd2 e5 8. d5 cxd5
9. cxd5 Ne8 10. O-O-O f5 11. Kb1 f4 12. Bf2 Nd7 13. Nb5 a6 14. Na7 Rf7 15. Nxc8
Rxc8 16. h4 h6 17. Ne2 Nc5 18. Nc1 Rfc7 19. Nd3 Nxd3 20. Bxd3 Rf7 21. Rc1 Rfc7
22. Rxc7 Qxc7 23. Rc1 Qxc1+ 24. Qxc1 Rxc1+ 25. Kxc1 Bf6 26. Kc2 Kf7 27. Kb3 Ke7
28. Ka4 Kd7 29. b4 Bd8 30. Kb3 Ng7 31. a4 Nh5 32. b5 axb5 33. Bxb5+ Ke7 34. Kb4
Kf7 35. a5 Ng3 36. a6 bxa6 37. Bxa6 Bxh4 38. Kb5 g5 39. Kc6 Ke7 40. Bb6 g4 41.
Bc7 gxf3 42. Bxd6+ Kf6 43. gxf3 Bg5 44. Kd7 h5 45. Be7+ Kg6 46. Bxg5 Kxg5 47.
Ke7 h4 48. Bc8 Nxe4 49. fxe4 f3 50. Bh3 Kf4 51. d6 Kg3 52. Bf1 h3 53. d7 h2 54.
d8=Q h1=Q 55. Qg8+ Kf2 56. Bc4 Qh4+ 57. Ke6 Qxe4 58. Bd5 Qe2 59. Qg4 Qe3 60.
Qxf3+ Qxf3 61. Bxf3 e4 62. Bxe4 {Game drawn because neither player has mating
material} 1/2-1/2

[Event "Team 45 45 League T99"]
[Site "Internet Chess Club"]
[Date "2024.03.07"]
[Round "4"]
[White "kabindra"]
[Black "MrAbendroth"]
[Result "0-1"]
[WhiteElo "1638"]
[BlackElo "1665"]
[Opening "Alekhine's defense: two pawns' (Lasker's) attack"]
[ECO "B02"]
[Time "10:30:31"]
[PlyCount "70"]
[TimeControl "2700+45"]

1. e4 Nf6 2. e5 Nd5 3. c4 Nb6 4. c5 Nd5 5. Nc3 c6 6. d4 d6 7. cxd6 exd6 8. Nxd5
cxd5 9. Nf3 Be7 10. Bd3 Bg4 11. Bb5+ Nc6 12. Qb3 O-O 13. Qxd5 Be6 14. Qe4 Qa5+
15. Bd2 Qxb5 16. exd6 Bxd6 17. Ng5 Qf5 18. d5 Qxe4+ 19. Nxe4 Bxd5 20. Nxd6 Bxg2
21. Rg1 Bf3 22. Bh6 g6 23. Bxf8 Kxf8 24. Rg3 Bd5 25. O-O-O Be6 26. Re1 Rb8 27.
Rf3 Kg7 28. Kb1 Rd8 29. Nxb7 Rb8 30. Nd6 Rb6 31. Ne8+ Kg8 32. b3 Bf5+ 33. Kb2
Nd4 34. Rc3 a5 35. Rc8 Bxc8 {White resigns} 0-1

[Event "Team 45 45 League T99"]
[Site "Internet Chess Club"]
[Date "2024.03.08"]
[Round "4"]
[White "LoseOften"]
[Black "jfkingiii"]
[Result "1-0"]
[WhiteElo "1745"]
[BlackElo "1483"]
[Opening "Petrov: Nimzovich attack"]
[ECO "C42"]
[Time "13:00:16"]
[PlyCount "95"]
[TimeControl "2700+45"]

1. e4 e5 2. Nf3 Nf6 3. Nxe5 d6 4. Nf3 Nxe4 5. Nc3 Nxc3 6. dxc3 Nc6 7. Bc4 Be7 8.
Be3 O-O 9. Qd2 Bg4 10. O-O-O Ne5 11. Nxe5 dxe5 12. f3 Qxd2+ 13. Rxd2 Bc8 14. Re1
Bd6 15. Bd5 Rb8 16. c4 b6 17. c3 Bb7 18. b4 Bxd5 19. cxd5 a5 20. b5 Rfe8 21.
Rde2 Rbd8 22. c4 Bb4 23. Bd2 Bxd2+ 24. Kxd2 f6 25. f4 Kf7 26. fxe5 fxe5 27. Rxe5
Rxe5 28. Rxe5 Rd6 29. Rf5+ Ke7 30. Ke3 Rh6 31. h3 Rd6 32. Kd4 Rh6 33. Rf3 Rd6
34. c5 bxc5+ 35. Kxc5 Rg6 36. g3 Rd6 37. Ra3 Kf6 38. Re3 Kf7 39. Re6 Rd7 40. Ra6
Ke8 41. Rxa5 Rd6 42. Ra6 Rd7 43. Re6+ Kd8 44. d6 Rf7 45. Kc6 cxd6 46. Rxd6+ Kc8
47. b6 Rb7 48. Rd8+ {Black resigns} 1-0

[Event "Team 45 45 League T99"]
[Site "Internet Chess Club"]
[Date "2024.03.11"]
[Round "4"]
[White "Lawkeito"]
[Black "jonesey"]
[Result "0-1"]
[WhiteElo "1724"]
[BlackElo "1843"]
[Opening "Benkö gambit accepted"]
[ECO "A58"]
[Time "18:01:44"]
[PlyCount "56"]
[TimeControl "2700+45"]

1. d4 Nf6 2. c4 c5 3. d5 b5 4. cxb5 a6 5. bxa6 g6 6. Nc3 Bxa6 7. e4 Bxf1 8. Kxf1
d6 9. Nf3 Nbd7 10. g3 Bg7 11. Kg2 O-O 12. a4 Ng4 13. Nb5 Qb8 14. Ra3 Nb6 15. b3
Ne5 16. Nxe5 Bxe5 17. Qe2 Nd7 18. Bb2 Qb7 19. f4 Bxb2 20. Qxb2 f5 21. Qe2 Nf6
22. exf5 Qxd5+ 23. Qf3 Qxf5 24. Re1 Nd5 25. Qe4 Qxe4+ 26. Rxe4 Rfb8 27. Ra2 Rxb5
28. Rd2 Rb4 {White resigns} 0-1

[Event "Team 45 45 League T99"]
[Site "Internet Chess Club"]
[Date "2024.03.09"]
[Round "4"]
[White "Gojira"]
[Black "manfredo"]
[Result "1-0"]
[WhiteElo "1684"]
[BlackElo "1459"]
[Opening "Grünfeld: modern exchange variation"]
[ECO "D90"]
[Time "12:03:13"]
[PlyCount "63"]
[TimeControl "2700+45"]

1. d4 Nf6 2. Nf3 g6 3. c4 Bg7 4. Nc3 d5 5. cxd5 Nxd5 6. e4 Nxc3 7. bxc3 c5 8.
Be3 Qa5 9. Qd2 O-O 10. Rc1 cxd4 11. cxd4 Qxd2+ 12. Kxd2 Rd8 13. Bd3 Nc6 14. d5
Nb4 15. Bc5 Bh6+ 16. Be3 Bxe3+ 17. fxe3 e6 18. Rc4 Nxd3 19. Kxd3 exd5 20. exd5
Rxd5+ 21. Ke4 Ra5 22. Rhc1 Be6 23. Rc7 Bxa2 24. Rd1 b5 25. Rc5 Ra4+ 26. Nd4 b4
27. Rd2 Bb1+ 28. Kf3 Rb8 29. Rb2 Bd3 30. Rb3 Ba6 31. Nc6 Bc8 32. Nxb8 {Black
resigns} 1-0

[Event "Team 45 45 League T99"]
[Site "Internet Chess Club"]
[Date "2024.03.10"]
[Round "4"]
[White "dalmata"]
[Black "Rookmaster"]
[Result "1-0"]
[WhiteElo "1560"]
[BlackElo "1496"]
[Opening "QGD: Janowski variation"]
[ECO "D31"]
[Time "06:16:37"]
[PlyCount "83"]
[TimeControl "2700+45"]

1. d4 d5 2. c4 e6 3. Nc3 a6 4. cxd5 exd5 5. Nf3 Nf6 6. Bg5 Be6 7. e3 Nbd7 8. Be2
Bd6 9. O-O c6 10. Qc2 h6 11. Bxf6 Nxf6 12. Ne5 Nd7 13. Nxd7 Qxd7 14. e4 dxe4 15.
Nxe4 Be7 16. Rfd1 Bd5 17. Bc4 O-O 18. Bxd5 cxd5 19. Nc5 Bxc5 20. dxc5 Rad8 21.
Rd2 Rfe8 22. Rad1 Qc6 23. h3 a5 24. a3 Re5 25. Qc3 d4 26. Qxa5 Rde8 27. b4 Re1+
28. Rxe1 Rxe1+ 29. Kh2 Qf6 30. Qc7 d3 31. Qd6 Qxd6+ 32. cxd6 Kf8 33. d7 Ke7 34.
Rxd3 Kd8 35. Kg3 Re7 36. Kf4 Rxd7 37. Rxd7+ Kxd7 38. Ke5 Kc6 39. f4 b5 40. g4
Kc7 41. Kd5 g6 42. Kc5 {Black resigns} 1-0

[Event "Team 45 45 League T99"]
[Site "Internet Chess Club"]
[Date "2024.03.10"]
[Round "4"]
[White "BlueStorm"]
[Black "fvafier"]
[Result "1-0"]
[WhiteElo "1636"]
[BlackElo "1420"]
[Opening "Old Benoni defense"]
[ECO "A43"]
[Time "16:00:24"]
[PlyCount "61"]
[TimeControl "2700+45"]

1. d4 c5 2. c3 Nf6 3. Nf3 e6 4. h3 d5 5. Bf4 Nc6 6. e3 cxd4 7. exd4 Bd6 8. Bxd6
Qxd6 9. Bd3 O-O 10. O-O a6 11. Re1 Qc7 12. Ne5 b5 13. Nd2 Rb8 14. g4 Nxe5 15.
dxe5 Ne8 16. Nf3 f6 17. exf6 Nxf6 18. Qc2 g6 19. Ne5 Nd7 20. Nxg6 hxg6 21. Bxg6
Nf6 22. Qd2 Qg7 23. Re5 Kh8 24. Bd3 Rb7 25. Rg5 Qh6 26. Qe3 Rg7 27. Rh5 Rxg4+
28. hxg4 Qxh5 29. gxh5 Ng4 30. Qd4+ Nf6 31. a4 {Black resigns} 1-0

[Event "Team 45 45 League T99"]
[Site "Internet Chess Club"]
[Date "2024.03.08"]
[Round "4"]
[White "primerpaso"]
[Black "VictorRed"]
[Result "1-0"]
[WhiteElo "1808"]
[BlackElo "1641"]
[Opening "QGD: Tarrasch, Prague variation, 7...Be7"]
[ECO "D34"]
[Time "15:03:22"]
[PlyCount "61"]
[TimeControl "2700+45"]

1. c4 c5 2. Nc3 e6 3. Nf3 Nf6 4. g3 d5 5. cxd5 exd5 6. d4 Nc6 7. Bg2 Be7 8. O-O
Bg4 9. dxc5 Bxc5 10. Bg5 Be6 11. Bxf6 gxf6 12. Rc1 Bb6 13. Na4 Bc7 14. Nc5 Rb8
15. Qd2 Ne5 16. Rfd1 Nc4 17. Qc2 Qe7 18. Nd3 Bb6 19. Nf4 Qc5 20. e3 Rc8 21. Nd4
Qb4 22. Ndxe6 fxe6 23. b3 Nd6 24. Qe2 Rxc1 25. Rxc1 Ke7 26. Bxd5 Qa3 27. Rd1
exd5 28. Nxd5+ Ke6 29. Qg4+ f5 30. Qg7 Re8 31. Nf4# {Black checkmated} 1-0

[Event "Team 45 45 League T99"]
[Site "Internet Chess Club"]
[Date "2024.03.08"]
[Round "4"]
[White "julesraider"]
[Black "Portola"]
[Result "1-0"]
[WhiteElo "1589"]
[BlackElo "1604"]
[Opening "QGD: 4.Nf3"]
[ECO "D37"]
[Time "14:00:20"]
[PlyCount "129"]
[TimeControl "2700+45"]

1. d4 d5 2. c4 e6 3. Nc3 Nf6 4. Nf3 Be7 5. Bg5 Nbd7 6. e3 b6 7. Bd3 Bb7 8. O-O
c5 9. cxd5 exd5 10. Rc1 O-O 11. b3 Ne4 12. Bxe7 Qxe7 13. Re1 a6 14. a4 Rac8 15.
Qe2 Ra8 16. Nd2 Rfe8 17. Ndxe4 dxe4 18. Bc4 Qf6 19. Red1 cxd4 20. Rxd4 Nc5 21.
b4 Ne6 22. Rd6 b5 23. axb5 axb5 24. Bxb5 Rec8 25. Qd2 Ra3 26. Nb1 Rxc1+ 27. Qxc1
Ra1 28. Rb6 Ra7 29. Rxb7 Rxb7 30. Qc8+ Nd8 31. Qc4 Qe6 32. Qd4 Qe7 33. Nc3 h6
34. h3 Rc7 35. Nxe4 Rc1+ 36. Kh2 Qc7+ 37. f4 Ne6 38. Qd5 Qb6 39. Qa8+ Qd8 40.
Qb7 Rc7 41. Qb6 Rc8 42. Qa6 Qc7 43. Nd6 Rf8 44. Bc4 Rd8 45. Nf5 Rb8 46. Bxe6
fxe6 47. Qxe6+ Kh8 48. Qe4 Qf7 49. Nd6 Qf8 50. Qd4 Qf6 51. Qc5 Rd8 52. Nc4 Qe6
53. Ne5 Rc8 54. Qa7 Qd5 55. Ng6+ Kh7 56. Ne7 Qe6 57. Nxc8 Qxc8 58. b5 Qe6 59.
Qc5 g5 60. f5 Qe4 61. b6 g4 62. Qc7+ Kh8 63. b7 g3+ 64. Kxg3 Qxe3+ 65. Kh2
{Black resigns} 1-0

[Event "Team 45 45 League T99"]
[Site "Internet Chess Club"]
[Date "2024.03.09"]
[Round "4"]
[White "ElValero"]
[Black "vollmerj"]
[Result "1-0"]
[WhiteElo "1645"]
[BlackElo "1490"]
[Opening "King's Indian defense, 3.Nc3"]
[ECO "E61"]
[Time "06:30:16"]
[PlyCount "83"]
[TimeControl "2700+45"]

1. d4 Nf6 2. c4 g6 3. Nc3 Bg7 4. g3 d5 5. Bg2 dxc4 6. Qa4+ c6 7. Qxc4 O-O 8. Nf3
Nbd7 9. O-O Nb6 10. Qd3 Nfd5 11. a3 Nxc3 12. Qxc3 Bg4 13. e3 Re8 14. h3 Bxf3 15.
Bxf3 e5 16. Rd1 exd4 17. exd4 Qd7 18. Bg4 f5 19. Bf3 Rad8 20. Be3 Nd5 21. Qb3
Kh8 22. Bg5 Rc8 23. Kg2 h6 24. Be3 Nxe3+ 25. fxe3 Qe7 26. Re1 b6 27. a4 Qg5 28.
h4 Qe7 29. a5 b5 30. Rac1 c5 31. d5 a6 32. Qc2 c4 33. Rcd1 Red8 34. Re2 Qb4 35.
h5 g5 36. Qxf5 Qxa5 37. Be4 Kg8 38. Qh7+ Kf8 39. Rf1+ Ke7 40. Qxg7+ Kd6 41. Rf6+
Kc5 42. Qe7+ {Black resigns} 1-0

[Event "Team 45 45 League T99"]
[Site "Internet Chess Club"]
[Date "2024.03.07"]
[Round "4"]
[White "isolani"]
[Black "mongmong"]
[Result "1-0"]
[WhiteElo "1481"]
[BlackElo "1466"]
[Opening "QGD semi-Slav"]
[ECO "D43"]
[Time "17:01:20"]
[PlyCount "31"]
[TimeControl "2700+45"]

1. d4 e6 2. Nf3 d5 3. c4 Nf6 4. Nc3 c6 5. a3 Nbd7 6. Bf4 dxc4 7. e4 Nb6 8. Ne5
Be7 9. Nxc4 Nxc4 10. Bxc4 O-O 11. O-O b6 12. Bd3 Bb7 13. e5 Nd5 14. Nxd5 cxd5
15. Qg4 a5 16. Bh6 {Black resigns} 1-0

[Event "Team 45 45 League T99"]
[Site "Internet Chess Club"]
[Date "2024.03.08"]
[Round "4"]
[White "Alec-hine"]
[Black "Tufnell"]
[Result "1-0"]
[WhiteElo "1998"]
[BlackElo "1879"]
[Opening "Trompowsky attack (Ruth, Opocenský opening)"]
[ECO "A45"]
[Time "14:01:44"]
[PlyCount "105"]
[TimeControl "2700+45"]

1. d4 Nf6 2. Bg5 d5 3. Bxf6 exf6 4. e3 Bd6 5. g3 O-O 6. Bg2 c6 7. Ne2 Nd7 8. O-O
f5 9. Nd2 Nf6 10. c4 dxc4 11. Nxc4 Bc7 12. Qc2 Qe7 13. a3 Be6 14. b4 a6 15. Nb2
Rad8 16. Nd3 g6 17. Nef4 Bxf4 18. Nxf4 Bd5 19. Nxd5 Nxd5 20. Rab1 Rfe8 21. Qc5
g5 22. Qxe7 Rxe7 23. Bxd5 Rxd5 24. Kg2 f4 25. gxf4 gxf4 26. Kf3 fxe3 27. fxe3
Rh5 28. Rf2 Rh3+ 29. Kf4 Rhxe3 30. Rg1+ Kf8 31. Rfg2 R7e4+ 32. Kf5 Rxd4 33. Rg8+
Ke7 34. Rb8 Rf3+ 35. Kg5 h6+ 36. Kxh6 Kf6 37. Rg6+ fxg6 38. Rf8+ Ke5 39. Rxf3
Rh4+ 40. Kxg6 Rxh2 41. Kf7 Ke4 42. Rg3 Kd4 43. Ke6 Kc4 44. Kd6 Rh6+ 45. Kc7 Kb5
46. Rg5+ Kc4 47. Kxb7 Rh3 48. Ra5 Rxa3 49. Rxa3 Kxb4 50. Rxa6 c5 51. Kc6 c4 52.
Kd5 c3 53. Rc6 {Black resigns} 1-0

[Event "Team 45 45 League T99"]
[Site "Internet Chess Club"]
[Date "2024.03.08"]
[Round "4"]
[White "Lawkeito"]
[Black "timcent"]
[Result "1/2-1/2"]
[WhiteElo "1736"]
[BlackElo "1925"]
[Opening "Bogo-Indian defense"]
[ECO "E11"]
[Time "19:07:53"]
[PlyCount "75"]
[TimeControl "2700+45"]

1. d4 Nf6 2. c4 e6 3. Nf3 Bb4+ 4. Bd2 Bxd2+ 5. Nbxd2 O-O 6. e4 d6 7. Bd3 Nc6 8.
O-O e5 9. d5 Ne7 10. Re1 Ng6 11. g3 a5 12. Rc1 b6 13. a3 a4 14. Bc2 Bd7 15. Nb1
Ra5 16. Nc3 Qa8 17. Nb5 Rc8 18. Nd2 Bxb5 19. cxb5 Rxb5 20. Bxa4 Rc5 21. Rxc5
bxc5 22. b4 cxb4 23. axb4 Qa6 24. Bc6 Qd3 25. Qe2 Qxe2 26. Rxe2 Ne7 27. b5 Nxc6
28. bxc6 Rb8 29. f3 Rb4 30. Nf1 Ne8 31. Ra2 Kf8 32. Ne3 g6 33. Kf2 Ke7 34. h4 h5
35. Nc2 Rb3 36. Ne3 Rb4 37. Nc2 Rb3 38. Ne3 {Game drawn by mutual agreement}
1/2-1/2

[Event "Team 45 45 League T99"]
[Site "Internet Chess Club"]
[Date "2024.03.10"]
[Round "4"]
[White "trombone"]
[Black "VictorRed"]
[Result "1-0"]
[WhiteElo "1822"]
[BlackElo "1632"]
[Opening "French: Tarrasch, Guimard main line"]
[ECO "C04"]
[Time "19:00:50"]
[PlyCount "63"]
[TimeControl "2700+45"]

1. e4 e6 2. d4 d5 3. Nd2 Nc6 4. Ngf3 Nf6 5. e5 Nd7 6. Be2 Be7 7. O-O O-O 8. Re1
f5 9. exf6 Nxf6 10. c3 h6 11. Bd3 Bd6 12. Ne5 Ne7 13. Ndf3 c6 14. b3 Qc7 15. a4
Nd7 16. Ba3 Nxe5 17. Nxe5 Bxa3 18. Rxa3 c5 19. Ra2 cxd4 20. cxd4 Nc6 21. Qc2 Rf6
22. Rc1 Bd7 23. Bb5 Rc8 24. Qc5 a6 25. Bxc6 Bxc6 26. Rac2 Qd8 27. Qc3 Bd7 28.
Qb4 Rxc2 29. Rxc2 Bc8 30. Qc5 Rf8 31. Ng6 Rf7 32. Qxc8 {Black resigns} 1-0

[Event "Team 45 45 League T99"]
[Site "Internet Chess Club"]
[Date "2024.03.10"]
[Round "4"]
[White "fishhead"]
[Black "bobhill"]
[Result "1-0"]
[WhiteElo "1888"]
[BlackElo "1791"]
[Opening "Sicilian: dragon, Yugoslav attack, 9...Bd7"]
[ECO "B77"]
[Time "15:00:32"]
[PlyCount "117"]
[TimeControl "2700+45"]

1. e4 c5 2. Nf3 d6 3. d4 cxd4 4. Nxd4 Nf6 5. Nc3 g6 6. Bc4 Bg7 7. Be3 O-O 8. f3
Nc6 9. Qd2 Bd7 10. Nxc6 bxc6 11. Bh6 Qb6 12. Bxg7 Kxg7 13. O-O-O Rab8 14. Na4
Qb4 15. Qxb4 Rxb4 16. b3 Rfb8 17. e5 Ne8 18. Rhe1 c5 19. Nxc5 Bc8 20. Nd3 R4b6
21. a4 a5 22. Nf4 e6 23. Bb5 Nc7 24. exd6 Nxb5 25. axb5 Bd7 26. c4 Rc8 27. Kb2
a4 28. Rd4 g5 29. Nd3 f6 30. bxa4 e5 31. c5 Rbb8 32. Rc4 Be6 33. Rc3 Ra8 34. Ka3
Rcb8 35. Kb4 Ra7 36. c6 Rba8 37. Ra1 Kf7 38. a5 Rd8 39. d7 Bxd7 40. cxd7 Raxd7
41. Nc5 Rd2 42. a6 Rb2+ 43. Ka5 Rb8 44. Nb7 Rxg2 45. Kb6 Rd2 46. a7 Ra8 47. Rc7+
Kg6 48. Nc5 Rdd8 49. Kc6 f5 50. b6 Rf8 51. b7 Rf6+ 52. Kb5 Rd8 53. b8=Q Rd2 54.
Qe8+ Kh6 55. a8=Q g4 56. Rxh7+ Kg5 57. fxg4 Kf4 58. gxf5 Kxf5 59. Qe4+ {Black
resigns} 1-0

[Event "Team 45 45 League T99"]
[Site "Internet Chess Club"]
[Date "2024.03.06"]
[Round "4"]
[White "Portola"]
[Black "Megasus"]
[Result "1-0"]
[WhiteElo "1622"]
[BlackElo "1566"]
[Opening "Queen's pawn game"]
[ECO "A46"]
[Time "20:00:20"]
[PlyCount "179"]
[TimeControl "2700+45"]

1. d4 Nf6 2. Nf3 c6 3. c3 h6 4. Bf4 d6 5. h3 Qb6 6. Qb3 Nd5 7. Bg3 Be6 8. Qxb6
axb6 9. Nbd2 Nf6 10. a3 Bf5 11. e3 Nbd7 12. Be2 g5 13. O-O Rg8 14. Ne1 h5 15.
Bd3 Be6 16. e4 h4 17. Bh2 g4 18. hxg4 Nxg4 19. c4 Bh6 20. Ndf3 Nxh2 21. Kxh2
Bf4+ 22. Kh1 Rh8 23. d5 Bg4 24. Nd4 Ne5 25. dxc6 bxc6 26. Be2 Bxe2 27. Nxe2 Bh6
28. b3 Kd7 29. a4 Bg7 30. Rd1 c5 31. f4 Ng4 32. Rd3 Nf6 33. e5 Ne4 34. exd6 Ng3+
35. Nxg3 hxg3+ 36. Kg1 Bd4+ 37. Rxd4 cxd4 38. dxe7 Kxe7 39. Rf3 Rhg8 40. Nd3 Kd6
41. Kf1 Rae8 42. Nb4 f5 43. Nd5 Rb8 44. Rd3 Kc5 45. Rf3 Rb7 46. Rd3 Rg4 47. Ke2
Rh7 48. Nf6 Re7+ 49. Kf3 Rg6 50. Nh5 Re3+ 51. Rxe3 dxe3 52. Kxe3 Kb4 53. Kd4
Kxb3 54. c5 bxc5+ 55. Kxc5 Kxa4 56. Kd5 Kb5 57. Ke5 Kc6 58. Kxf5 Rg8 59. Ke4 Kd6
60. Kf3 Ke7 61. Nxg3 Kf6 62. Nf1 Kf5 63. Ne3+ Ke6 64. g4 Rh8 65. Ke4 Re8 66. g5
Kf7+ 67. Kf3 Kg6 68. Ng4 Kf5 69. Nh6+ Kg6 70. Kg4 Rf8 71. f5+ Kh7 72. Kh5 Kg7
73. Kg4 Kh7 74. Kf4 Kg7 75. Ng4 Rf7 76. f6+ Kh7 77. Kf5 Ra7 78. g6+ Kg8 79. Ne5
Ra5 80. Ke6 Ra6+ 81. Ke7 Ra7+ 82. Nd7 Ra8 83. f7+ Kg7 84. f8=Q+ Rxf8 85. Nxf8
Kg8 86. Nd7 Kg7 87. Ne5 Kg8 88. Kf6 Kf8 89. Nf7 Kg8 90. Nh6+ {Black resigns} 1-0

[Event "Team 45 45 League T99"]
[Site "Internet Chess Club"]
[Date "2024.03.07"]
[Round "4"]
[White "justice02"]
[Black "Signofthetimes"]
[Result "0-1"]
[WhiteElo "1560"]
[BlackElo "1550"]
[Opening "Caro-Kann: advance variation"]
[ECO "B12"]
[Time "21:00:25"]
[PlyCount "92"]
[TimeControl "2700+45"]

1. e4 c6 2. d4 d5 3. e5 Qb6 4. Nf3 Bf5 5. Bd3 Bg4 6. c3 e6 7. Nbd2 c5 8. Qc2 h6
9. h3 Bxf3 10. Nxf3 Nc6 11. dxc5 Bxc5 12. O-O Qc7 13. Re1 a6 14. b4 Ba7 15. Rb1
Rc8 16. a3 Nd4 17. cxd4 Qxc2 18. Bxc2 Rxc2 19. Bb2 Ne7 20. Rec1 Rxc1+ 21. Rxc1
Kd7 22. Kf1 b5 23. Ke2 Nc8 24. Rc2 Nb6 25. Kd3 Nc4 26. Bc1 Bb6 27. a4 bxa4 28.
Ra2 a5 29. Rxa4 axb4 30. Rxb4 Kc6 31. Nd2 Nxd2 32. Kxd2 Ba5 33. Ba3 Bxb4+ 34.
Bxb4 Kb5 35. Bc5 Ra8 36. g3 Kc4 37. f4 g6 38. Ke3 Ra5 39. g4 Rxc5 40. dxc5 Kxc5
41. Kd3 d4 42. h4 h5 43. gxh5 gxh5 44. Ke4 Kc4 45. f5 d3 46. fxe6 fxe6 {White
resigns} 0-1

[Event "Team 45 45 League T99"]
[Site "Internet Chess Club"]
[Date "2024.03.08"]
[Round "4"]
[White "ARMAND02019"]
[Black "nosir"]
[Result "0-1"]
[WhiteElo "1564"]
[BlackElo "1466"]
[Opening "Old Indian defense"]
[ECO "A42"]
[Time "18:11:35"]
[PlyCount "66"]
[TimeControl "2700+45"]

1. d4 d6 2. c4 c6 3. e4 Nf6 4. Bd3 e5 5. d5 Be7 6. f4 exf4 7. Bxf4 Bg4 8. Nf3
Nbd7 9. h3 Bxf3 10. Qxf3 Ne5 11. Bxe5 dxe5 12. Qg3 Bd6 13. O-O O-O 14. Nc3 Nh5
15. Qf3 Nf4 16. Ne2 Qg5 17. Nxf4 exf4 18. Kh1 Be5 19. Rab1 Qh4 20. b4 a6 21. c5
g5 22. Qf2 Qh6 23. Qf3 Qg6 24. d6 Kg7 25. Rbd1 Rh8 26. Bc4 h5 27. Kg1 g4 28.
hxg4 hxg4 29. Qd3 g3 30. Rfe1 Rh1+ 31. Kxh1 Qh5+ 32. Kg1 Qh2+ 33. Kf1 Qh1+
{White resigns} 0-1

[Event "Team 45 45 League T99"]
[Site "Internet Chess Club"]
[Date "2024.03.08"]
[Round "4"]
[White "herrahuu"]
[Black "Kingofknights"]
[Result "0-1"]
[WhiteElo "1395"]
[BlackElo "1464"]
[Opening "QGD Slav: Krause attack"]
[ECO "D17"]
[Time "11:30:38"]
[PlyCount "38"]
[TimeControl "2700+45"]

1. d4 d5 2. c4 c6 3. Nf3 Nf6 4. Nc3 dxc4 5. a4 Bf5 6. Ne5 Nbd7 7. Nxc4 Qc7 8. g3
Rd8 9. Bg2 Nc5 10. O-O e6 11. b4 Nce4 12. Nxe4 Nxe4 13. Ba3 Nc3 14. Qd2 Nxa4 15.
e4 Bg6 16. f4 b5 17. Ne5 Qb6 18. Rfd1 c5 19. bxc5 Nxc5 {White resigns} 0-1

[Event "Team 45 45 League T99"]
[Site "Internet Chess Club"]
[Date "2024.03.09"]
[Round "4"]
[White "kingphisch"]
[Black "g8wrb"]
[Result "0-1"]
[WhiteElo "1265"]
[BlackElo "1259"]
[Opening "French: Wing gambit"]
[ECO "C00"]
[Time "16:00:36"]
[PlyCount "70"]
[TimeControl "2700+45"]

1. e4 e6 2. Nf3 d5 3. e5 c5 4. b4 c4 5. c3 Bd7 6. d4 Ne7 7. Be2 a5 8. O-O Ng6 9.
Bd2 Qb6 10. Qc2 axb4 11. cxb4 Ba4 12. Qb2 Nc6 13. a3 Be7 14. Nc3 Nxd4 15. Nxd4
Qxd4 16. Nd1 Qxe5 17. Bc3 Qe4 18. Rc1 Bxd1 19. Rcxd1 f6 20. Bf3 Qf4 21. Rfe1 Qd6
22. Re4 Rc8 23. Re3 O-O 24. Qe2 Nf4 25. Qe1 Nd3 26. Qe2 e5 27. Bd4 Rce8 28. Bc5
Nxc5 29. Bxd5+ Ne6 30. Qxc4 Bd8 31. Bxe6+ Qxe6 32. Qxe6+ Rxe6 33. Red3 Bb6 34.
Rd7 Rf7 35. Rd8+ Bxd8 {White resigns} 0-1

[Event "Team 45 45 League T99"]
[Site "Internet Chess Club"]
[Date "2024.03.10"]
[Round "4"]
[White "Gojira"]
[Black "ElValero"]
[Result "1-0"]
[WhiteElo "1698"]
[BlackElo "1631"]
[Opening "QGD semi-Slav"]
[ECO "D43"]
[Time "11:30:26"]
[PlyCount "120"]
[TimeControl "2700+45"]

1. d4 d5 2. Nf3 Nf6 3. c4 c6 4. Nc3 e6 5. Qd3 Bb4 6. a3 Bxc3+ 7. bxc3 b6 8. cxd5
Ba6 9. Qc2 cxd5 10. Bf4 O-O 11. Qa4 Qc8 12. Rc1 Ne4 13. Nd2 Nxd2 14. Kxd2 Nc6
15. e3 Bxf1 16. Rhxf1 Na5 17. Qd1 Qc4 18. Rb1 Qa2+ 19. Qc2 Qxa3 20. Rb4 Rfc8 21.
Rfb1 Nc4+ 22. Ke2 Qa6 23. Ra4 Qb7 24. Rb3 Qc6 25. Ra6 Na5 26. Ra3 Qc4+ 27. Qd3
Qc6 28. R3xa5 bxa5 29. Rxc6 Rxc6 30. Qb5 Rxc3 31. Qxa5 Rb3 32. Bd6 a6 33. Qa4
Rb2+ 34. Kf3 h6 35. Qc6 Ra7 36. Bc5 Rab7 37. Qxa6 Rb8 38. Qc6 Rc2 39. Qc7 Rbb2
40. Qg3 e5 41. Qxe5 Rxf2+ 42. Kg3 Rxg2+ 43. Kh3 g5 44. Bd6 h5 45. Qe8+ Kg7 46.
Be5+ Kg6 47. Qg8+ Kf5 48. Qh7+ Ke6 49. Qh6+ Kf5 50. Qxh5 Ke4 51. Qxf7 Rbf2 52.
Qe6 Kd3 53. Bg3 Re2 54. Qxd5 Rg1 55. Qxg5 Rxe3 56. d5 Ke2 57. d6 Rd1 58. d7 Red3
59. Qg4+ Kf1 60. Qf4+ Kg1 {Black resigns} 1-0

[Event "Team 45 45 League T99"]
[Site "Internet Chess Club"]
[Date "2024.03.11"]
[Round "4"]
[White "isolani"]
[Black "Rookmaster"]
[Result "0-1"]
[WhiteElo "1466"]
[BlackElo "1511"]
[Opening "QGD: 4.Nf3"]
[ECO "D37"]
[Time "16:00:36"]
[PlyCount "62"]
[TimeControl "2700+45"]

1. d4 d5 2. Nf3 Nf6 3. c4 e6 4. Nc3 a6 5. cxd5 exd5 6. Bg5 Be6 7. e3 Nbd7 8. Be2
Bd6 9. e4 dxe4 10. Nxe4 Bb4+ 11. Nc3 O-O 12. O-O c6 13. a3 Be7 14. Rc1 Nd5 15.
Qd2 f6 16. Bh4 Bd6 17. Nxd5 Bxd5 18. Bc4 Nb6 19. Bxd5+ Nxd5 20. Rcd1 Qc7 21. Bg3
Rfe8 22. Bxd6 Qxd6 23. Rfe1 Qf4 24. Qxf4 Nxf4 25. g3 Nd5 26. Kf1 Kf7 27. Rxe8
Rxe8 28. Re1 Rxe1+ 29. Nxe1 Ke6 30. Ke2 Nc7 31. Nd3 Kd5 {White resigns} 0-1

[Event "Team 45 45 League T99"]
[Site "Internet Chess Club"]
[Date "2024.03.11"]
[Round "4"]
[White "BlueStorm"]
[Black "burlap"]
[Result "1-0"]
[WhiteElo "1643"]
[BlackElo "1398"]
[Opening "QGD Slav: 3.Nf3"]
[ECO "D11"]
[Time "09:00:17"]
[PlyCount "33"]
[TimeControl "2700+45"]

1. d4 d5 2. Nf3 c6 3. c4 e6 4. Bf4 Nf6 5. h3 Bb4+ 6. Bd2 Bxd2+ 7. Nbxd2 O-O 8.
e3 Re8 9. Bd3 Nbd7 10. Ne5 Nxe5 11. dxe5 Nd7 12. Nf3 Nc5 13. O-O Nxd3 14. Qxd3
dxc4 15. Qxc4 b5 16. Qxc6 Qd7 17. Qxa8 {Black resigns} 1-0